3AA
BETHESDA ATOMS @ CASPER GHOSTS
08/18/2030
 
TOP OF THE 1ST
Bethesda Atoms batting - Pitching for Casper Ghosts : RHP Rhett Abbott
Pitching: RHP Rhett Abbott
Batting: RHB Diego Romero 0-0: SINGLE (Groundball, 56D)
Batting: RHB Renato Zuvic 0-0: Ball
Diego Romero steals 2nd base
1-0: Foul Ball, location: 2F
1-1: Called Strike
1-2: Foul Ball, location: 2F
1-2: Ground out 6-3 (Groundball, 6)
Diego Romero to third
Batting: RHB Lester Kwiatkowski 0-0: Ball
1-0: Swinging Strike
1-1: Swinging Strike
1-2: Ball
2-2: Ground out 6-3 (Groundball, 6)
Diego Romero scores
Batting: LHB Diego Rosas 0-0: Called Strike
0-1: Swinging Strike
0-2: Ball
1-2: Ground out 4-3 (Groundball, 4)
Top of the 1st over - 1 run, 1 hit, 0 errors, 0 left on base; Bethesda 1 - Casper 0
BOTTOM OF THE 1ST
Casper Ghosts batting - Pitching for Bethesda Atoms : RHP Alain Arnaud
Pitching: RHP Alain Arnaud
Batting: RHB José Córdova 0-0: Ball
1-0: Foul Ball, location: 2F
1-1: Ball
2-1: Swinging Strike
2-2: Ball
3-2: Strikes out swinging
Batting: RHB Armando Pacheco 0-0: Ground out 5-3 (Groundball, 56)
Batting: SHB Paco Ríos 0-0: Foul Ball, location: 2F
0-1: Ball
1-1: Ball
2-1: Called Strike
2-2: Foul Ball, location: 2F
2-2: Foul Ball, location: 2F
2-2: Ground out 1-3 (Groundball, 13S)
Bottom of the 1st over - 0 runs, 0 hits, 0 errors, 0 left on base; Bethesda 1 - Casper 0
TOP OF THE 2ND
Bethesda Atoms batting - Pitching for Casper Ghosts : RHP Rhett Abbott
Batting: SHB Paul Wite 0-0: Ground out 5-3 (Groundball, 56)
Batting: RHB Andrés López 0-0: Swinging Strike
0-1: Fly out, F8 (Flyball, 8LD)
Batting: SHB Pat Sargent 0-0: Ball
1-0: Called Strike
1-1: Foul Ball, location: 2F
1-2: Ball
2-2: Ball
3-2: Foul Ball, location: 2F
3-2: Strikes out looking
Top of the 2nd over - 0 runs, 0 hits, 0 errors, 0 left on base; Bethesda 1 - Casper 0
BOTTOM OF THE 2ND
Casper Ghosts batting - Pitching for Bethesda Atoms : RHP Alain Arnaud
Batting: RHB Adrijan Markovski 0-0: Ground out 5-3 (Groundball, 56)
Batting: LHB Yu-zeng Si 0-0: Ball
1-0: Fly out, F9 (Line Drive, 9LM)
Batting: RHB Kevin Baxter 0-0: Foul Ball, location: 2F
0-1: Foul Ball, location: 2F
0-2: Ball
1-2: Ball
2-2: Ball
3-2: Strikes out swinging
Bottom of the 2nd over - 0 runs, 0 hits, 0 errors, 0 left on base; Bethesda 1 - Casper 0
TOP OF THE 3RD
Bethesda Atoms batting - Pitching for Casper Ghosts : RHP Rhett Abbott
Batting: RHB Vic Richards 0-0: Called Strike
0-1: Foul Ball, location: 2F
0-2: Ball
1-2: Ball
2-2: Ground out U3 (Groundball, 34)
Batting: RHB Tomás Gonzáles 0-0: Ball
1-0: SINGLE (Line Drive, 89M)
Batting: RHB Diego Romero 0-0: Called Strike
0-1: Ball
1-1: Fly out, F1 (Line Drive, 15)
Lined into DP, 1-3 (Line Drive, 15)
Top of the 3rd over - 0 runs, 1 hit, 0 errors, 0 left on base; Bethesda 1 - Casper 0
BOTTOM OF THE 3RD
Casper Ghosts batting - Pitching for Bethesda Atoms : RHP Alain Arnaud
Batting: LHB Jorge Morín 0-0: Ball
1-0: Ball
2-0: Ball
3-0: Called Strike
3-1: Base on Balls
Batting: RHB Félix Ramos 0-0: Foul Ball, location: 2F
0-1: Grounds into double play, 5-4-3 (Groundball, 56)
Batting: RHB Roberto De La Cruz 0-0: Ball
1-0: Ball
2-0: Ground out U3 (Groundball, 3L)
Bottom of the 3rd over - 0 runs, 0 hits, 0 errors, 0 left on base; Bethesda 1 - Casper 0
TOP OF THE 4TH
Bethesda Atoms batting - Pitching for Casper Ghosts : RHP Rhett Abbott
Batting: RHB Renato Zuvic 0-0: Called Strike
0-1: Ball
1-1: Foul Ball, location: 2F
1-2: Strikes out swinging
Batting: RHB Lester Kwiatkowski 0-0: Called Strike
0-1: Ball
1-1: Ball
2-1: Called Strike
2-2: Fly out, F9 (Flyball, 9)
Batting: LHB Diego Rosas 0-0: Ball
1-0: Called Strike
1-1: Ball
2-1: Ball
3-1: Called Strike
3-2: Foul Ball, location: 2F
3-2: Ground out 6-3 (Groundball, 6)
Top of the 4th over - 0 runs, 0 hits, 0 errors, 0 left on base; Bethesda 1 - Casper 0
BOTTOM OF THE 4TH
Casper Ghosts batting - Pitching for Bethesda Atoms : RHP Alain Arnaud
Batting: RHB José Córdova 0-0: Ball
1-0: SINGLE (Flyball, 89M)
Batting: RHB Armando Pacheco 0-0: Ball
1-0: Ball
2-0: Fielders Choice at 2nd, 5-4 (Groundball, 56)
Batting: SHB Paco Ríos 0-0: Called Strike
0-1: Ball
1-1: Ball
2-1: Foul Ball, location: 2F
2-2: Ball
3-2: Foul Ball, location: 2F
3-2: SINGLE (Flyball, 78S)
Armando Pacheco to second
Runner from 2nd tries for 3rd, SAFE, throw made to third
Batting: RHB Adrijan Markovski 0-0: Ball
Wild Pitch!
Armando Pacheco scores
Paco Ríos to second
1-0: Called Strike
1-1: Ground out 5-3 (Groundball, 56)
Batting: LHB Yu-zeng Si 0-0: Foul Ball, location: 2F
0-1: Ball
1-1: SINGLE (Flyball, 7LS)
Paco Ríos to third
Runner from 3rd tries for Home, SAFE, throw made home
Batting: RHB Kevin Baxter 0-0: Ball
1-0: Foul Ball, location: 2F
1-1: Ball
2-1: Ball
3-1: Called Strike
3-2: Base on Balls
Yu-zeng Si to second
Batting: LHB Jorge Morín 0-0: Called Strike
0-1: SINGLE (Groundball, 4D)
Yu-zeng Si to third
Kevin Baxter to second
Runner from 3rd tries for Home, SAFE, no throw
Batting: RHB Félix Ramos 0-0: Fielders Choice at 2nd, 6-4 (Groundball, 6)
Bottom of the 4th over - 3 runs, 4 hits, 0 errors, 2 left on base; Bethesda 1 - Casper 3
TOP OF THE 5TH
Bethesda Atoms batting - Pitching for Casper Ghosts : RHP Rhett Abbott
Batting: SHB Paul Wite 0-0: Called Strike
0-1: Called Strike
0-2: Ball
1-2: Ball
2-2: Strikes out swinging
Batting: RHB Andrés López 0-0: Called Strike
0-1: Called Strike
0-2: Ball
1-2: Ball
2-2: Ball
3-2: Foul Ball, location: 2F
3-2: Foul Ball, location: 2F
3-2: Base on Balls
Batting: SHB Pat Sargent 0-0: Called Strike
0-1: Foul Ball, location: 2F
0-2: Ball
1-2: Strikes out swinging
Batting: RHB Vic Richards 0-0: Called Strike
0-1: Ball
1-1: Foul Ball, location: 2F
1-2: Strikes out looking
Top of the 5th over - 0 runs, 0 hits, 0 errors, 1 left on base; Bethesda 1 - Casper 3
BOTTOM OF THE 5TH
Casper Ghosts batting - Pitching for Bethesda Atoms : RHP Alain Arnaud
Batting: RHB Roberto De La Cruz 0-0: Called Strike
0-1: Ground out 5-3 (Groundball, 5S)
Batting: RHB José Córdova 0-0: Ball
1-0: Ball
2-0: Called Strike
2-1: Swinging Strike
2-2: Hit by Pitch
Batting: RHB Armando Pacheco 0-0: Called Strike
0-1: Ball
1-1: Ball
2-1: Ball
3-1: Ground out 4-3 (Groundball, 4S)
José Córdova to second
Batting: SHB Paco Ríos 0-0: Ball
1-0: Fly out, F7 (Flyball, 7)
Bottom of the 5th over - 0 runs, 0 hits, 0 errors, 1 left on base; Bethesda 1 - Casper 3
TOP OF THE 6TH
Bethesda Atoms batting - Pitching for Casper Ghosts : RHP Rhett Abbott
Batting: RHB Tomás Gonzáles 0-0: Called Strike
0-1: Ball
1-1: SINGLE (Groundball, 56D)
Batting: RHB Diego Romero 0-0: Called Strike
Throwing error on steal attempt, E2
Tomás Gonzáles to third
0-1: Ball
1-1: Foul Ball, location: 2F
1-2: Foul Ball, location: 2F
1-2: Strikes out looking
Batting: RHB Renato Zuvic 0-0: Fly out, F8 (Flyball, 8RM)
Batting: RHB Lester Kwiatkowski 0-0: Ball
1-0: Swinging Strike
1-1: Ball
2-1: Ball
3-1: Swinging Strike
3-2: Strikes out swinging
Top of the 6th over - 0 runs, 1 hit, 1 error, 1 left on base; Bethesda 1 - Casper 3
BOTTOM OF THE 6TH
Casper Ghosts batting - Pitching for Bethesda Atoms : RHP Alain Arnaud
Batting: RHB Adrijan Markovski 0-0: Ball
1-0: Ball
2-0: Ground out 4-3 (Groundball, 4)
Batting: LHB Yu-zeng Si 0-0: Called Strike
0-1: Foul Ball, location: 2F
0-2: SINGLE (Groundball, 34D)
Batting: RHB Kevin Baxter 0-0: Swinging Strike
0-1: Swinging Strike
0-2: Ball
1-2: Strikes out swinging
Batting: LHB Jorge Morín 0-0: Called Strike
0-1: Ball
1-1: Foul Ball, location: 2F
1-2: 2-RUN HOME RUN (Flyball, 7D), Distance : 399 ft
Batting: RHB Félix Ramos 0-0: Ball
1-0: Called Strike
1-1: Ball
2-1: SOLO HOME RUN (Line Drive, 7LD), Distance : 365 ft
Pitching: RHP Alonso Ruíz
Batting: RHB Roberto De La Cruz 0-0: Called Strike
0-1: Foul Ball, location: 2F
0-2: Ball
1-2: Ball
2-2: Strikes out swinging
Bottom of the 6th over - 3 runs, 3 hits, 0 errors, 0 left on base; Bethesda 1 - Casper 6
TOP OF THE 7TH
Bethesda Atoms batting - Pitching for Casper Ghosts : RHP Rhett Abbott
Batting: LHB Diego Rosas 0-0: Ground out 1-3 (Groundball, 15S)
Batting: SHB Paul Wite 0-0: Ball
1-0: Called Strike
1-1: Swinging Strike
1-2: Strikes out swinging
Batting: RHB Andrés López 0-0: Swinging Strike
0-1: Swinging Strike
0-2: Ball
1-2: Ball
2-2: Strikes out swinging
Top of the 7th over - 0 runs, 0 hits, 0 errors, 0 left on base; Bethesda 1 - Casper 6
BOTTOM OF THE 7TH
Casper Ghosts batting - Pitching for Bethesda Atoms : RHP Alonso Ruíz
Batting: RHB José Córdova 0-0: Called Strike
0-1: Foul Ball, location: 2F
0-2: Ball
1-2: Hit by Pitch
Batting: RHB Armando Pacheco 0-0: Foul Ball, location: 2F
0-1: Fly out, F3 (Popup, 3SF)
Batting: SHB Paco Ríos 0-0: Ball
1-0: Swinging Strike
1-1: SINGLE (Groundball, 34D)
José Córdova to second
Runner from 2nd tries for 3rd, SAFE, throw made to third
Batting: RHB Adrijan Markovski 0-0: Called Strike
Paco Ríos steals 2nd base
0-1: Swinging Strike
0-2: Ball
1-2: Ground out 4-3 (Groundball, 4)
Batting: LHB Yu-zeng Si 0-0: Ball
1-0: Ball
2-0: Swinging Strike
2-1: Ground out U3 (Groundball, 3)
Bottom of the 7th over - 0 runs, 1 hit, 0 errors, 2 left on base; Bethesda 1 - Casper 6
TOP OF THE 8TH
Bethesda Atoms batting - Pitching for Casper Ghosts : RHP Rhett Abbott
Batting: SHB Pat Sargent 0-0: Ball
1-0: Called Strike
1-1: Ball
2-1: Fly out, F9 (Flyball, 9S)
Batting: RHB Vic Richards 0-0: Called Strike
0-1: Ball
1-1: Swinging Strike
1-2: Ball
2-2: Strikes out swinging
Batting: RHB Tomás Gonzáles 0-0: Ball
1-0: Fly out, F8 (Flyball, 8RD)
Top of the 8th over - 0 runs, 0 hits, 0 errors, 0 left on base; Bethesda 1 - Casper 6
BOTTOM OF THE 8TH
Casper Ghosts batting - Pitching for Bethesda Atoms : RHP Alonso Ruíz
Batting: RHB Kevin Baxter 0-0: Called Strike
0-1: SOLO HOME RUN (Flyball, 7LD), Distance : 351 ft
Batting: LHB Jorge Morín 0-0: Called Strike
0-1: Foul Ball, location: 2F
0-2: Foul Ball, location: 2F
0-2: Strikes out swinging
Batting: RHB Félix Ramos 0-0: Foul Ball, location: 2F
0-1: Called Strike
0-2: Ball
1-2: Ball
2-2: Ground out 5-3 (Groundball, 56)
Batting: RHB Roberto De La Cruz 0-0: Ball
1-0: Ball
2-0: Called Strike
2-1: Fly out, F7 (Flyball, 78M)
Bottom of the 8th over - 1 run, 1 hit, 0 errors, 0 left on base; Bethesda 1 - Casper 7
TOP OF THE 9TH
Bethesda Atoms batting - Pitching for Casper Ghosts : RHP Rhett Abbott
Now at C: Henry Appleby
Batting: RHB Diego Romero 0-0: Ball
1-0: Called Strike
1-1: Ground out 5-3 (Groundball, 56)
Batting: RHB Renato Zuvic 0-0: Swinging Strike
0-1: Ball
1-1: Ground out 4-3 (Groundball, 4)
Batting: RHB Lester Kwiatkowski 0-0: Fly out, F6 (Line Drive, 6)
Top of the 9th over - 0 runs, 0 hits, 0 errors, 0 left on base; Bethesda 1 - Casper 7
Sunday, March 18th, 2018 - OOTP Baseball 18.8 Build 76